AoeStats
← JohnNielsen4140

Nomad

509515600Analyzed
2v2 RM · 6d ago on Sep 27, 2026· 32m 13s· 4 players
Game mode
Random Map
Map size
176×176
Population
200
Speed
Normal
Resources
Standard
Victory
Conquest
Starting age
Dark Age
Ending age
Imperial Age
RankedLock teamsTeams togetherTeam positionsShared explorationLock speedFull tech treeHidden civsTurbo modeCheats
Victory
Defeat
🇨🇱 Byzantines · Chile
870
+16
🇺🇸 Lithuanians · United States
832
+18
🇲🇽 Muisca · Mexico
878
-17
🇲🇽 Lithuanians · Mexico
872
-17
manu.mg.contacto
8:18 Loom
13:41 Feudal Age
15:21 Wheelbarrow
17:19 Double-Bit Axe
18:18 Horse Collar
23:23 Castle Age
22:44 Stone Mining
22:46 Gold Mining
23:12 Fletching
26:00 Bodkin Arrow
28:50 Gold Shaft Mining
29:43 Hand Cart
30:09 Pikeman
31:19 Crossbowman
shark_bird
7:47 Loom
16:20 Feudal Age
19:53 Castle Age
18:11 Horse Collar
19:07 Scale Barding Armor
22:11 Wheelbarrow
23:02 Forging
23:07 Fletching
24:59 Iron Casting
29:57 Bodkin Arrow
Dodge Attitude
8:19 Loom
15:13 Feudal Age
16:37 Wheelbarrow
17:20 Double-Bit Axe
19:07 Town Watch
19:48 Fletching
20:02 Padded Archer Armor
20:16 Horse Collar
20:28 Gold Mining
25:17 Castle Age
25:28 Pikeman
26:41 Forging
27:12 Crossbowman
JohnNielsen4140
7:59 Loom
17:56 Feudal Age
19:46 Forging
19:42 Scale Barding Armor
19:44 Horse Collar
21:22 Double-Bit Axe
26:45 Castle Age
25:44 Scale Mail Armor
25:45 Stone Mining
25:47 Gold Mining
27:58 Husbandry
27:29 Pikeman
28:45 Bow Saw
Connection lost

Rejoining the realm…

Still unreachable

The connection could not be restored.

Session expired

The server has moved on; the page needs a fresh start.